 Dungeon Crawl Stone Soup version 0.29-a0-664-gff9cad4a3d (webtiles) character file.

Game seed: 2096180256222036675

30089 snetch the Tortoise (level 13, -29/183 HPs)
             Began as a Minotaur Berserker on June 22, 2022.
             Was a High Priest of Trog.
             Annihilated by a boulder beetle (34 damage)
             ... on level 13 of the Dungeon.
             The game lasted 00:47:25 (15835 turns).

snetch the Tortoise (Minotaur Berserker)           Turns: 15835, Time: 00:47:26

Health: -29/183    AC: 22    Str: 38    XL:     13   Next: 18%
Magic:  12/12      EV: 10    Int:  4    God:    Trog [*****.]
Gold:   1836       SH:  3    Dex: 11    Spells: 12/12 levels left

rFire   + + .      SeeInvis .   a - +5 war axe (freeze)
rCold   + . .      Faith    .   q - +0 buckler
rNeg    . . .      Spirit   .   A - +3 plate armour {rF+}
rPois   .          Reflect  .   (helmet restricted)
rElec   .          Harm     .   m - scarf {rC+ rF+}
rCorr   .          Rampage  .   t - +1 Delatra's gloves {ID++}
Will    .....                   (no boots)
Stlth   ..........              i - amulet of the acrobat
HPRegen 0.40/turn               C - +6 ring of strength
MPRegen 0.13/turn               P - +6 ring of strength

@: berserking, lethally poisoned (-29 -> -46), slowed
A: horns 2, retaliatory headbutt
a: Renounce Religion, Berserk, Trog's Hand, Brothers in Arms


You were on level 13 of the Dungeon.
You worshipped Trog.
Trog was extremely pleased with you.
You visited 2 branches of the dungeon, and saw 14 of its levels.
You also visited: Bailey and Ice Cave.

You collected 1836 gold pieces.

Inventory:

Hand Weapons
 a - a +5 war axe of freezing (weapon)
 b - the +10 spear "Jonurpha" {vorpal, Will+}
   (You found it on level 5 of the Dungeon)

   It inflicts extra damage upon your enemies.
   Will:      It increases your willpower.
 c - a +5 flail of protection
 d - a +1 scimitar of flaming
 e - a +4 battleaxe
Missiles
 k - 45 poisoned darts (quivered)
 r - 93 stones
 s - 4 atropa-tipped darts
 z - 14 curare-tipped darts
 E - 13 throwing nets
 X - 5 boomerangs
Armour
 m - a scarf of resistance (worn)
 q - a +0 buckler (worn)
 t - the +1 Delatra's gloves (worn) {ID++}
   (You found it on level 2 of the Dungeon)

   It heals its wearer when they drink unknown potions.
   It restores its wearer's MP when they read unknown scrolls.
 A - a +3 plate armour of fire resistance (worn)
 G - a +1 scale mail of poison resistance
 M - +0 acid dragon scales
Jewellery
 i - an amulet of the acrobat (around neck)
 C - a +6 ring of strength (left hand)
 K - a ring of protection from cold
 P - a +6 ring of strength (right hand)
 T - a ring of flight
 Z - a ring of protection from cold
Wands
 B - a wand of quicksilver (10)
 Q - a wand of polymorph (10)
 S - a wand of charming (15)
 V - a wand of flame (7)
Scrolls
 f - 3 scrolls of blinking
 g - 3 scrolls of poison {unknown}
 o - 5 scrolls of fear {unknown}
 p - 3 scrolls of immolation {unknown}
 u - 3 scrolls of vulnerability {unknown}
 w - 3 scrolls of fog
 x - 4 scrolls of teleportation {unknown}
 D - 2 scrolls of magic mapping
 J - 2 scrolls of torment {unknown}
 N - 3 scrolls of noise {unknown}
 O - 2 scrolls of enchant weapon {unknown}
 R - 2 scrolls of silence
Potions
 h - 2 potions of lignification
 j - 3 potions of curing {unknown}
 l - a potion of cancellation
 n - 2 potions of resistance {unknown}
 v - 3 potions of heal wounds {unknown}
 y - 5 potions of might {unknown}
 H - 3 potions of mutation {unknown}
 I - 4 potions of haste
 L - a potion of attraction {unknown}
 W - a potion of flight {unknown}
Miscellaneous
 F - a tin of tremorstones (2/2)


   Skills:
 + Level 13.0 Fighting
 + Level 13.2(14.8) Axes
 + Level 1.3(8.6) Maces & Flails
 - Level 11.0(13.7) Polearms
 + Level 4.8 Throwing
 + Level 15.0 Armour
 + Level 4.6 Dodging
 + Level 2.6 Stealth


You had 12 spell levels left.
You didn't know any spells.
Your spell library contained the following spells:

 Spells                   Type           Power      Damage    Failure   Level
 Foxfire                  Conj/Fire      0%         2x1d4     97%         1
 Ensorcelled Hibernation  Hex/Ice        0%         N/A       99%         2
 Sublimation of Blood     Necr           0%         N/A       99%         2
 Conjure Flame            Conj/Fire      0%         6-21      100%        3
 Dazzling Flash           Conj/Hex       0%         N/A       100%        3
 Frozen Ramparts          Ice            0%         1d2       100%        3
 Inner Flame              Hex/Fire       0%         N/A       100%        3
 Spider Form              Tmut/Pois      0%         N/A       100%        3
 Anguish                  Hex/Necr       0%         N/A       100%        4
 Flame Wave               Conj/Fire      0%         2d4       100%        4
 Ice Form                 Ice/Tmut       0%         N/A       100%        4
 Iskenderun's Mystic Bla  Conj/Tloc      0%         2d3       100%        4
 Petrify                  Tmut/Erth      0%         N/A       100%        4
 Summon Ice Beast         Ice/Summ       0%         N/A       100%        4
 Agony                    Necr           0%         N/A       100%        5
 Irradiate                Conj/Tmut      0%         3d13      100%        5
 Metabolic Englaciation   Hex/Ice        0%         N/A       100%        5
 Silence                  Hex/Air        0%         N/A       100%        5
 Starburst                Conj/Fire      0%         6d3       100%        6
 Statue Form              Tmut/Erth      0%         N/A       100%        6
 Enfeeble                 Hex            0%         N/A       100%        7


Dungeon Overview and Level Annotations

Branches:
Dungeon (13/15)            Temple (1/1) D:7            Lair (0/6) D:11
    Orc (0/2) D:10         Vaults (0/5) D:13         Bailey (visited)
  IceCv (visited)

Altars:
Ashenzari
Cheibriados
Dithmenos
Elyvilon
Fedhas
Gozag
Hepliaklqana
Kikubaaqudgha
Makhleb
Nemelex Xobeh
Okawaru
Qazlal
Ru
Sif Muna
Trog
Uskayaw
Vehumet
Wu Jian
Xom
Yredelemnul
Zin
The Shining One

Shops:
D:1 (   D:5 (:

Annotations:
D:8 gold behind grate


Innate Abilities, Weirdness & Mutations

You have a pair of horns on your head.
You reflexively headbutt those who attack you in melee.


Message History

You are more poisoned.
The phantasmal warrior closely misses you.
You furiously retaliate!
You headbutt the phantasmal warrior. You closely miss the death knight.
You headbutt the death knight, but do no damage.
The death knight is heavily wounded.
You hit the wraith. You barely miss the phantasmal warrior.
You feel very sick.
The death knight mumbles some strange prayers to Yredelemnul against you.
Your body is wracked with pain!
* * * LOW HITPOINT WARNING * * *
The phantasmal warrior hits you but does no damage.
The wraith closely misses you. You furiously retaliate!
You headbutt the wraith, but do no damage.
You slash the death knight! You freeze the death knight.
The death knight is severely wounded.
You hit the wraith but do no damage.
You closely miss the phantasmal warrior.
You feel sick.
Unknown command.
A red film seems to cover your vision as you go berserk!
You feel yourself moving faster!
You feel mighty!
You feel sick. The wraith hits you!
* * * LOW HITPOINT WARNING * * *
The wraith drains your vigour!
You feel yourself slow down.
The phantasmal warrior hits you but does no damage.
The death knight hits you with a +2 halberd of venom!
* * * LOW HITPOINT WARNING * * *
You are more poisoned.
You hit the death knight. You freeze the death knight.
You headbutt the death knight.
The death knight is almost dead.
You barely miss the wraith. You hit the phantasmal warrior.
* * * LOW HITPOINT WARNING * * *
You feel very sick.
The death knight calls down the wrath of Yredelemnul upon you.
You struggle to resist.
The phantasmal warrior hits you!
* * * LOW HITPOINT WARNING * * *
The wraith hits you but does no damage. The boulder beetle hits you!!
You die...

......).# #### ........#
##... ........# ##....
........###########.....
.................##.....
.................##.....
......BW.........###....
..°°°○p@.........# ##...
......W..........######.
.....................##.
###.#..#####.####.......
# ##. #.# #.....#. ##
#.# ##...... #.# #......
..# #...... #......


You could see a death knight, a boulder beetle (rolling), a phantasmal warrior
and a wraith.

Vanquished Creatures
  A frost giant (IceCv)
  Snorg (D:10)
  2 boulder beetles
  A hydra (D:11)
  Harold (D:10)
  4 two-headed ogres
  4 death yaks (IceCv)
  3 ugly things
  A cyclops (D:13)
  A guardian serpent (shapeshifter) (D:13)
  A manticore (D:11)
  An ice statue (IceCv)
  An unseen horror (shapeshifter) (D:13)
  5 rime drakes (IceCv)
  4 trolls
  An unseen horror (D:12)
  5 polar bears (IceCv)
  Grinder (D:5)
  7 slime creatures
  Sigmund (D:6)
  A shadow (D:5)
  2 wyverns (D:8)
  3 wraiths
  16 yaks
  A yak (shapeshifter) (D:13)
  A steam dragon (D:7)
  2 vampire mosquitoes (D:12)
  Menkaure (D:4)
  Edmund (D:6)
  3 acid dragons
  Duvessa (D:7)
  3 water moccasins
  2 orc warriors
  3 ice beasts
  2 black bears (D:7)
  3 centaurs
  3 ogres
  13 wolves
  6 kobold brigands
  5 scorpions
  7 gnoll sergeants (Bailey)
  A necrophage (D:8)
  A bullfrog (D:8)
  10 wights
  Dowan (D:7)
  3 killer bees (D:9)
  An elephant simulacrum (D:13)
  6 howler monkeys
  9 gnoll shamans
  2 jellies (D:6)
  8 orc priests
  5 hounds
  5 iguanas
  8 orc wizards
  2 troll simulacra (D:13)
  A spriggan simulacrum (D:13)
  34 gnolls
  6 adders
  4 naga simulacra (D:13)
  5 ufetubi
  4 worms
  4 dart slugs
  31 orcs
  5 ball pythons
  4 endoplasms
  5 giant cockroaches
  12 goblins
  6 hobgoblins
  2 jackals (D:4)
  2 quokkas (D:4)
  3 bats
  2 frilled lizards
  15 kobolds
  3 rats
335 creatures vanquished.

Vanquished Creatures (collateral kills)
  3 death yaks (IceCv)
  The ghost of happo123 the Insei, a novice GnTm of Makhleb (D:7)
  A kobold demonologist (D:7)
  A yak (IceCv)
  2 kobold brigands (D:7)
8 creatures vanquished.

Vanquished Creatures (others)
  A rime drake (IceCv)
  4 fungi
  7 plants
12 creatures vanquished.

Grand Total: 355 creatures vanquished

Notes
Turn   | Place    | Note
-------+----------+-------------------------------------------
     0 | D:1      | snetch the Minotaur Berserker began the quest for the Orb.
     0 | D:1      | Reached XP level 1. HP: 19/19 MP: 0/0
   337 | D:1      | Reached XP level 2. HP: 24/24 MP: 1/1
   579 | D:2      | Reached XP level 3. HP: 19/32 MP: 2/2
  1020 | D:1      | Found a faded altar of an unknown god.
  1146 | D:1      | Found Cuyn Xifoe's Antique Weapon Shop.
  1392 | D:2      | Reached ** piety under Trog
  1412 | D:2      | Reached skill level 3 in Armour
  1662 | D:2      | Found the +1 Delatra's gloves {ID++}
  2032 | D:3      | Reached XP level 4. HP: 40/40 MP: 3/3
  2138 | D:3      | Found a hide-covered altar of Uskayaw.
  2468 | D:4      | Noticed an ogre
  2476 | D:4      | Killed an ogre
  2477 | D:4      | Reached skill level 5 in Axes
  2477 | D:4      | Reached XP level 5. HP: 38/47 MP: 4/4
  2664 | D:5      | Entered Level 5 of the Dungeon
  2668 | D:5      | Identified the +10 spear "Jonurpha" {vorpal, Will+}
  2690 | D:6      | Reached skill level 4 in Armour
  2753 | D:6      | Reached XP level 6. HP: 42/55 MP: 5/5
  2760 | D:6      | Reached skill level 5 in Fighting
  2819 | D:6      | Reached *** piety under Trog
  2820 | D:6      | Reached skill level 1 in Polearms
  2923 | D:5      | Reached skill level 5 in Armour
  2923 | D:5      | Reached skill level 1 in Stealth
  2923 | D:5      | Reached XP level 7. HP: 51/61 MP: 6/6
  3002 | D:5      | Found Qolalism's Weapon Boutique.
  3060 | D:5      | Noticed Grinder
  3077 | D:5      | Paralysed by Grinder for 3 turns
  3082 | D:5      | Reached skill level 1 in Maces & Flails
  3084 | D:5      | Killed Grinder
  3085 | D:5      | Reached XP level 8. HP: 58/70 MP: 7/7
  3157 | D:5      | Reached skill level 6 in Armour
  3447 | D:4      | Noticed Menkaure
  3451 | D:4      | Killed Menkaure
  3452 | D:4      | Reached skill level 5 in Polearms
  4110 | D:5      | Found Lilyc's Book Boutique.
  4219 | D:6      | Reached **** piety under Trog
  4562 | D:7      | Reached XP level 9. HP: 72/78 MP: 8/8
  4564 | D:7      | Reached skill level 7 in Armour
  4581 | D:6      | Noticed Edmund
  4588 | D:6      | Killed Edmund
  4621 | D:6      | Noticed Sigmund
  4625 | D:6      | Killed Sigmund
  5010 | D:7      | Found a sparkling altar of Nemelex Xobeh.
  5195 | D:7      | Noticed Duvessa
  5196 | D:7      | Noticed Dowan
  5197 | D:7      | Found a staircase to the Ecumenical Temple.
  5210 | D:7      | Killed Duvessa
  5219 | D:7      | Killed Dowan
  5665 | D:7      | Reached skill level 8 in Armour
  6081 | D:7      | Found a runed translucent gate.
  6081 | D:7      | Found a runed translucent gate.
  6081 | D:7      | Found a runed translucent gate.
  6082 | D:7      | Noticed a kobold demonologist
  6088 | D:7      | Noticed happo123's ghost (novice GnTm)
  6240 | Temple   | Entered the Ecumenical Temple
  6836 | D:8      | Reached skill level 10 in Polearms
  6879 | D:8      | Noticed a two-headed ogre
  6887 | D:8      | Killed a two-headed ogre
  6888 | D:8      | Reached XP level 10. HP: 56/89 MP: 9/9
  7165 | D:8      | Reached skill level 9 in Armour
  7350 | D:9      | Found a flagged portal.
  7387 | Bailey   | Entered a bailey
  8143 | Bailey   | Reached ***** piety under Trog
  8512 | D:8      | Reached skill level 10 in Armour
  8670 | D:7      | Killed happo123's ghost
  8671 | D:7      | Reached skill level 11 in Armour
  9121 | D:8      | Found a glowing silver altar of Zin.
  9587 | D:9      | Reached skill level 10 in Fighting
 10063 | D:10     | Entered Level 10 of the Dungeon
 10071 | D:10     | Reached XP level 11. HP: 96/99 MP: 10/10
 10161 | D:10     | Found a staircase to the Orcish Mines.
 10275 | D:10     | Reached skill level 12 in Armour
 10415 | D:11     | Noticed a two-headed ogre
 10420 | D:11     | Killed a two-headed ogre
 11108 | D:10     | Noticed Harold
 11108 | D:10     | Noticed Snorg
 11116 | D:10     | Killed Harold
 11123 | D:10     | Killed Snorg
 11263 | D:10     | Noticed a two-headed ogre
 11269 | D:10     | Killed a two-headed ogre
 11718 | D:11     | Noticed a boulder beetle
 11727 | D:11     | Reached skill level 1 in Throwing
 11732 | D:11     | Killed a boulder beetle
 11733 | D:11     | Reached skill level 10 in Axes
 11973 | D:11     | Noticed a seven-headed hydra
 11985 | D:11     | Killed a one-headed hydra
 11986 | D:11     | Reached skill level 13 in Armour
 12587 | D:11     | Found a staircase to the Lair.
 12766 | D:12     | Reached XP level 12. HP: 110/110 MP: 11/11
 12968 | D:12     | Noticed a boulder beetle
 12979 | D:12     | Noticed a two-headed ogre
 12981 | D:12     | Killed a boulder beetle
 12988 | D:12     | Killed a two-headed ogre
 13128 | D:13     | Found a gate to the Vaults.
 13225 | D:13     | Found a frozen archway.
 13273 | IceCv    | Entered an ice cave
 13277 | IceCv    | Received a gift from Trog
 13867 | IceCv    | Reached skill level 14 in Armour
 13989 | IceCv    | Noticed a death yak
 13992 | IceCv    | Noticed a death yak
 13995 | IceCv    | Noticed a death yak
 13996 | IceCv    | Noticed a death yak
 14007 | IceCv    | Killed a death yak
 14012 | IceCv    | Killed a death yak
 14016 | IceCv    | Killed a death yak
 14018 | IceCv    | Killed a death yak
 14043 | IceCv    | Noticed a frost giant
 14043 | IceCv    | Noticed a death yak
 14080 | IceCv    | Killed a death yak
 14098 | IceCv    | Killed a frost giant
 14502 | IceCv    | Noticed a death yak
 14508 | IceCv    | Noticed a death yak
 14522 | IceCv    | Killed a death yak
 14523 | IceCv    | Reached XP level 13. HP: 100/119 MP: 12/12
 15691 | D:13     | Reached skill level 15 in Armour
 15835 | D:13     | HP: 5/183 [phantasmal warrior[a death knight] (16)]
 15835 | D:13     | Annihilated by a boulder beetle

Illustrated notes

Levels and vault maps discovered:
D:1:      minmay_arrival_four_houses, layout_loops_ring,
          shapermc_ecumenical_altar_mp_urbaneastern, serial_shops,
          nicolae_lakefront_shop
D:2:      layout_basic
D:3:      layout_basic, lemuel_doored_altar
D:4:      layout_loops_corners, kennysheep_doodads, uniq_menkaure
D:5:      layout_rooms, serial_shops, nicolae_shop_hallway_plus, shop,
          minmay_small_thing, uniq_grinder
D:6:      layout_rooms, sigmund_edmund_badplayer
D:7:      black_bear_nest_1, layout_layer_cave,
          mainiacjoe_overflow_concentric_impassable,
          minmay_temple_entry_sparse_star, gammafunk_ghost_nasty_kobolds,
          roderic_roman_lattice, minmay_fractal_squares_5, uniq_duvessa
D:8:      layout_basic, zin_treasury, kennysheep_generic_room_12
D:9:      layout_gridville, enter_bailey_3
D:10:     layout_long_grid, orc_0_dummy, uniq_harold, uniq_snorg
D:11:     layout_roguey, lair_entry_dummy, corexii_checkpoint_a
D:12:     layout_layer_cave
D:13:     layout_rooms, david_vaults_2, serial_corexii_hall,
          corexii_hall_statues_t, corexii_hall_statues_l,
          portal_ice_cave_entry_ice_simulacra
Temple:   compressed_dpeg_triangle_lava_temple

Skill      XL: |  1  2  3  4  5  6  7  8  9 10 11 12 13 |
---------------+----------------------------------------+-----
Axes           | 4 5 6 7 10 13 | 13.2
Fighting       | 4 5 6 8 10 11 12 13 | 13.0
Armour         | 3 4 5 6 8 11 13 14 15 | 15.0
Dodging        | 3 4 |  4.6
Polearms       | 1 3 7 10 11 | 11.0
Stealth        | 1 2 |  2.6
Maces & Flails | 1 |  1.3
Throwing       | 1 4 |  4.8

Action                   |  1- 3 |  4- 6 |  7- 9 | 10-12 | 13-15 || total
-------------------------+-------+-------+-------+-------+-------++-------
Melee: Hand axe          |    94 |    21 |       |       |       ||   115
       Headbutt          |    13 |     7 |    24 |    83 |    15 ||   142
       Spear             |       |    40 |   202 |   276 |    16 ||   534
       Flail             |       |     4 |       |       |       ||     4
       Punch             |       |       |     1 |     4 |     1 ||     6
       War axe           |       |       |       |   165 |    28 ||   193
       Scimitar          |       |       |       |    51 |       ||    51
Throw: Stone             |     9 |       |       |       |       ||     9
       Dart              |       |       |       |    46 |     3 ||    49
Invok: Berserk           |       |     1 |     1 |     2 |     2 ||     6
       Brothers in Arms  |       |       |       |     3 |       ||     3
       Trog's Hand       |       |       |       |     2 |       ||     2
  Use: Scroll            |       |       |       |    12 |       ||    12
 Stab: Distracted        |       |       |     1 |       |       ||     1
Armor: Ring mail         |    24 |    15 |       |       |       ||    39
       Animal skin       |     1 |       |       |       |       ||     1
       Scale mail        |       |     3 |    19 |       |       ||    22
       Plate armour      |       |       |    44 |   267 |    21 ||   332
Dodge: Dodged            |    57 |    31 |    59 |   260 |    18 ||   425
Block: Buckler           |       |       |       |       |     1 ||     1

Table legend: (Time is in decaauts)
 A = Elapsed time spent in this place.
 B = Non-inter-level travel time spent in this place.
 C = Inter-level travel time spent in this place.
 D = Time resting spent in this place.
 E = Time spent auto-exploring this place.
 F = Levels seen in this place.
 G = Mean time per level.
                   A        B        C        D        E       F      G
               +--------+--------+--------+--------+--------+-----+--------+
         Total |  15682 |  14760 |    922 |    474 |  10331 |  16 |  980.1 |
       Dungeon |  12974 |  12062 |    912 |    474 |   8616 |  13 |  998.0 |
        Temple |    315 |    305 |     10 |      0 |     11 |   1 |  315.0 |
        Bailey |    884 |    884 |      0 |      0 |    592 |   1 |  884.0 |
      Ice Cave |   1507 |   1507 |      0 |      0 |   1111 |   1 | 1507.0 |
               +--------+--------+--------+--------+--------+-----+--------+

Top non-repeatable levels by time:
     D:7: 1868 daAuts
   IceCv: 1507 daAuts
    D:10: 1272 daAuts
    D:11: 1207 daAuts
     D:8: 1097 daAuts
     D:4: 1082 daAuts
     D:9: 1018 daAuts
    D:12: 986 daAuts
     D:2: 954 daAuts
  Bailey: 884 daAuts
     D:6: 822 daAuts
     D:1: 785 daAuts
     D:3: 690 daAuts
    D:13: 637 daAuts
     D:5: 551 daAuts
